 Dungeon Crawl Stone Soup version 0.28.0-45-g0d030f2227 (webtiles) character file.

Game seed: 15082511310776183728

114 Icepheonix32 the Firebug (level 4, 0/27 HPs)
             Began as an Octopode Fire Elementalist on Apr 16, 2022.
             Slain by Sigmund
             ... wielding a +0 scythe
              (6 damage)
             ... on level 3 of the Dungeon.
             The game lasted 00:03:48 (2245 turns).

Icepheonix32 the Firebug (OpFE)                     Turns: 2245, Time: 00:03:49

Health: 0/27       AC:  1    Str:  7    XL:     4   Next: 98%
Magic:  7/7        EV: 13    Int: 19    God:
Gold:   75         SH:  0    Dex: 12    Spells: 6/7 levels left

rFire   . . .      SeeInvis .   a - +3 spear (vamp)
rCold   . . .      Faith    .   (no shield)
rNeg    . . .      Spirit   .   (helmet restricted)
rPois   .          Reflect  .   (no amulet)
rElec   .          Harm     .   (no ring)
rCorr   .          Rampage  .   (no ring)
Will    .....                   (no ring)
Stlth   ++........              (no ring)
HPRegen 0.09/turn               (no ring)
MPRegen 0.10/turn               (no ring)
                                (no ring)
                                (no ring)

@: confused
A: almost no armour, amphibious, 8 rings, camouflage 1, gelatinous body 1,
(nimble swimmer 1), tentacles
a: no special abilities


You were on level 3 of the Dungeon.
You visited 1 branch of the dungeon, and saw 3 of its levels.

You collected 75 gold pieces.

Inventory:

Hand Weapons
 a - a +3 vampiric spear (weapon)
 c - a +2 dagger of distortion
 d - a +0 spear
Jewellery
 i - a ring of fire
Scrolls
 b - a scroll of enchant weapon {unknown}
 e - a scroll of noise {unknown}
 f - a scroll of blinking {unknown}
 g - a scroll of immolation {unknown}
 h - a scroll of identify {unknown}


   Skills:
 + Level 0.6 Fighting
 + Level 1.3 Polearms
 + Level 2.2 Dodging
 + Level 3.5 Stealth
 + Level 0.2 Unarmed Combat
 + Level 2.3 Spellcasting
 + Level 1.5 Conjurations
 * Level 4.2 Fire Magic


You had 6 spell levels left.
You knew the following spells:

 Your Spells              Type           Power      Damage    Failure   Level
a - Foxfire               Conj/Fire      52%        2x1d6     4%          1

Your spell library contained the following spells:

 Spells                   Type           Power      Damage    Failure   Level
 Scorch                   Fire           36%        2d7       4%          2
 Conjure Flame            Conj/Fire      13%        6-21      16%         3
 Inner Flame              Hex/Fire       10%        N/A       21%         3
 Tukima's Dance           Hex            2%         N/A       45%         3
 Flame Wave               Conj/Fire      13%        2d6       45%         4
 Anguish                  Hex/Necr       1%         N/A       86%         4
 Enfeeble                 Hex            1%         N/A       100%        7


Dungeon Overview and Level Annotations

Branches:
Dungeon (3/15)

Altars:
Kikubaaqudgha

Annotations:
D:3 Sigmund


Innate Abilities, Weirdness & Mutations

You cannot wear most types of armour.
You are amphibious.
You can wear up to eight rings at the same time.
Your skin changes colour to match your surroundings (Stealth+).
Your rubbery body absorbs attacks. (AC +1, EV +1)
((You are camouflaged when in or above water. (Stealth+)))
You have tentacles for arms and can constrict up to eight enemies at once.


Message History

An endoplasm comes into view.
An endoplasm is nearby!
Sigmund the Dreaded comes into view.
He is wielding a +0 scythe.
Found a stone staircase leading up.
You reach to attack!
The helpless Sigmund fails to defend himself.
You hit Sigmund.
Sigmund is lightly wounded.
Sigmund closely misses you.
You reach to attack!
You barely miss Sigmund.
Sigmund is lightly wounded.
You reach to attack!
You hit Sigmund.
Sigmund is lightly wounded.
Sigmund points at you and mumbles some strange words.
You are confused.
You are too confused!
Unknown command.
Sigmund casts a spell at you.
You are more confused.
You bump into the rock wall.
Sigmund closely misses you.
Unknown command.
Sigmund says, "You will soon forget everything."
Sigmund mumbles some strange words.
Sigmund flickers and vanishes!
Deactivating autopickup; reactivate with Ctrl-A.
Something hits you.
The endoplasm quivers.
You hear some strange, mumbled words.
A puff of flame appears from out of thin air!
The puff of flame hits you. Something hits you!
* * * LOW HITPOINT WARNING * * *
You bump into the rock wall.
You feel less confused.
You hear some strange, mumbled words.
You are confused.
Something completely misses you.
The endoplasm jiggles.
You bump into the rock wall.
Something hits you.
You die...

## ### ####. ...
.....##.#
........#
........#######
........#.....##
...............##
...........J@<..#
.........########
.........#
.........#
.........#
.........#
##.......#
#<.....## #.#####


You could see an endoplasm.

Vanquished Creatures
  Terence (D:2)
  Robin (D:2)
  2 adders (D:2)
  A dart slug (D:1)
  A worm (D:2)
  A ball python (D:1)
  An endoplasm (D:1)
  18 goblins
  7 hobgoblins
  2 jackals (D:2)
  A quokka (D:2)
  4 bats
  3 frilled lizards
  7 kobolds
  3 rats
53 creatures vanquished.

Vanquished Creatures (others)
  84 foxfires
84 creatures vanquished.

Grand Total: 137 creatures vanquished

Notes
Turn   | Place    | Note
-------+----------+-------------------------------------------
     0 | D:1      | Icepheonix32 the Octopode Fire Elementalist began the quest
                  | for the Orb.
     0 | D:1      | Reached XP level 1. HP: 11/11 MP: 3/3
   429 | D:1      | Found a faded altar of an unknown god.
   492 | D:1      | Reached XP level 2. HP: 17/17 MP: 1/5
   829 | D:1      | Reached XP level 3. HP: 19/21 MP: 0/6
  1226 | D:2      | Noticed Terence
  1234 | D:2      | Killed Terence
  1235 | D:2      | Reached skill level 4 in Fire Magic
  1235 | D:2      | Reached XP level 4. HP: 9/27 MP: 5/7
  1493 | D:2      | Found an ancient bone altar of Kikubaaqudgha.
  1776 | D:2      | Noticed Robin
  1799 | D:2      | Killed Robin
  1800 | D:2      | Reached skill level 1 in Polearms
  2225 | D:3      | Noticed Sigmund
  2245 | D:3      | Slain by Sigmund

Illustrated notes

Levels and vault maps discovered:
D:1:      dpeg_arrival_water_fire, layout_rooms,
          chequers_ecumenical_altar_island, corexii_corridor_pit, minivault_11,
          chequers_mini_garden
D:2:      layout_loops_ring, basic_altar, kennysheep_pointless_box, uniq_robin,
          uniq_terence
D:3:      layout_rooms, fedhas_altar_fruit_tree, minmay_misc_feat_enclosed,
          chequers_arboretum, skrybe_limestone_x, uniq_sigmund

Skill      XL: |  1  2  3  4 |
---------------+-------------+-----
Stealth        | 3 |  3.5
Fire Magic     | 4 |  4.2
Polearms       | 1 |  1.3
Fighting       | |  0.6
Dodging        | |  2.2
Unarmed Combat | |  0.2
Spellcasting   | |  2.3
Conjurations   | |  1.5

Action                   |  1- 3 |  4- 6 || total
-------------------------+-------+-------++-------
Melee: Unarmed           |    13 |       ||    13
       Constrict         |    10 |     6 ||    16
       Tentacles         |     6 |     1 ||     7
       Spear             |    22 |    32 ||    54
 Cast: Foxfire           |    33 |    17 ||    50
  Use: Potion            |     1 |       ||     1
 Stab: Sleeping          |     3 |     4 ||     7
Armor: Skin              |     7 |     3 ||    10
Dodge: Dodged            |    25 |    13 ||    38
